Map: Neon Violet Square LE

Players

SamuraiFunn

  • Race: Protoss Protoss
  • Spawn Location: 11:00

A.I. 1 (Elite) - Winner!

  • Race: Zerg Zerg
  • Spawn Location: 5:00

VOD

Have the link to the VOD?

Description

Time

  • Played on: Nov. 24, 2017, 12:50 p.m.
  • Length: 11:34
Show
View Real Time Build Order
Export as new Build Order

SamuraiFunn Protoss 

Build Orders:  

Get SALT Encoding   

  12  0:01  Probe  
  13  0:13  Probe  
  14  0:30  Pylon  
  14  0:36  Probe  
  15  0:46  Assimilator  
  15  0:48  Probe  
  16  1:00  Gateway  
  16  1:01  Probe  
  17  1:13  Probe  
  18  1:25  Probe  
  19  1:37  Probe  
  20  1:42  Assimilator  
  20  1:46  Pylon  
  20  1:49  Probe  
  21  1:59  Cybernetics Core  
  21  2:02  Probe  
  22  2:10  Zealot  
  22  2:14  Probe  
  25  2:26  Probe  
  26  2:39  Probe  
  26  2:43  Nexus  
  27  2:50  Pylon  
  27  2:51  Probe  
  28  3:00  Twilight Council, Warp Gate (Chrono Boost)  
  28  3:09  Zealot  
  30  3:15  Probe  
  30  3:16  Pylon  
  31  3:32  Gateway  
  31  3:34  Probe  
  31  3:37  Gateway  
  31  3:38  Gateway  
  32  3:42  Pylon  
  32  3:50  Assimilator  
  32  3:55  Assimilator  
  32  4:00  Zealot  
  34  4:05  Charge (Chrono Boost)  
  34  4:09  Probe x2  
  36  4:21  Zealot  
  36  4:23  Probe x2  
  40  4:27  Zealot  
  42  4:33  Zealot x2  
  42  4:35  Probe x2  
  48  4:47  Probe  
  49  5:02  Probe x2  
  51  5:21  Zealot x4  
  55  5:24  Probe x2  
  61  5:42  Zealot x3  
  61  5:43  Zealot  
  47  6:05  Zealot  
  47  6:06  Zealot x3  
  47  6:11  Probe x2  
  49  6:25  Probe x2  
  51  6:27  Zealot  
  51  6:28  Zealot x3  
  59  6:53  Zealot x4  
  51  7:03  Probe x2  
  53  7:12  Robotics Facility x2  
  53  7:15  Robotics Facility  
  53  7:19  Pylon  
  53  7:21  Pylon  
  54  7:22  Probe  
  54  7:23  Probe  
  54  7:25  Zealot  
  54  7:26  Zealot x3  
  63  7:33  Gateway  
  63  7:35  Gateway x2  
  63  7:39  Forge  
  63  7:40  Forge  
  63  7:51  Zealot x2  
  63  7:53  Zealot  
  69  7:58  Zealot  
  69  8:00  Nexus  
  69  8:04  Pylon  
  71  8:06  Pylon  
  71  8:09  Assimilator  
  71  8:10  Immortal  
  75  8:13  Assimilator  
  75  8:18  Probe  
  75  8:19  Probe  
  77  8:26  Immortal x2  
  85  8:45  Zealot x4  
  93  8:54  Templar Archives  
  93  8:55  Protoss Ground Armor Level 1 (Chrono Boost), Protoss Ground Weapons Level 1 (Chrono Boost)  
  79  9:10  Zealot x3  
  79  9:11  Zealot x2  
  67  9:40  Stalker  
  67  9:41  Stalker x2  
  67  9:42  Nexus  
  73  9:46  High Templar x4  
  81  10:00  Psionic Storm  
  81  10:13  Probe x3  
  84  10:17  High Templar  
  86  10:27  High Templar x4  
  86  10:28  High Templar x2  
  88  10:45  Archon x3  
  55  11:10  Stalker x4  
  55  11:11  Stalker x2  
  54  11:12  Stalker  
Show
View Real Time Build Order
Export as new Build Order

A.I. 1 (Elite) Zerg - Winner!

Build Orders: Pool First, Lurkers 

Get SALT Encoding   

  12  0:00  Drone  
  13  0:12  Overlord  
  13  0:18  Drone  
  14  0:31  Drone x2  
  14  0:34  Drone  
  17  0:48  Spawning Pool  
  17  0:49  Drone  
  17  1:20  Hatchery  
  16  1:28  Drone  
  16  1:31  Extractor  
  16  1:33  Drone  
  16  1:36  Queen, Extractor  
  18  1:40  Drone  
  18  1:44  Drone  
  20  1:49  Drone  
  21  1:59  Overlord  
  21  2:10  Zergling x2  
  22  2:21  Queen, Drone  
  25  2:32  Drone  
  25  2:33  Drone  
  27  2:43  Drone  
  28  2:44  Drone  
  29  2:58  Roach Warren  
  28  3:00  Drone  
  28  3:03  Drone  
  30  3:07  Zergling x2  
  30  3:10  Zergling x2  
  32  3:17  Overlord  
  33  3:20  Drone  
  33  3:23  Drone  
  34  3:38  Roach  
  34  3:39  Roach  
  34  3:40  Roach  
  42  3:41  Roach  
  42  3:48  Lair  
  42  3:53  Overlord  
  42  3:58  Overlord  
  42  4:03  Zergling x2  
  42  4:05  Zergling x2  
  44  4:11  Zergling x2, Drone  
  44  4:13  Drone  
  44  4:16  Drone  
  48  4:18  Drone  
  48  4:20  Drone  
  50  4:25  Roach  
  50  4:28  Roach  
  54  4:33  Overlord  
  54  4:40  Drone  
  54  4:43  Drone  
  54  4:45  Drone  
  57  4:47  Drone  
  57  4:50  Drone, Infestation Pit  
  58  4:53  Overlord  
  58  4:57  Overlord  
  58  5:01  Roach  
  60  5:07  Hydralisk Den  
  60  5:11  Drone  
  60  5:13  Drone  
  61  5:14  Drone  
  61  5:17  Drone  
  61  5:18  Drone  
  61  5:20  Drone  
  65  5:22  Drone  
  65  5:24  Drone  
  65  5:26  Drone  
  68  5:28  Drone  
  68  5:32  Drone  
  68  5:35  Drone  
  71  5:36  Roach  
  71  5:37  Hydralisk  
  71  5:38  Overlord  
  71  5:41  Hydralisk  
  72  5:45  Zergling x2  
  72  5:47  Zergling x2  
  72  5:48  Hydralisk  
  73  5:53  Hydralisk  
  73  5:56  Drone  
  66  6:05  Roach  
  66  6:06  Hydralisk  
  66  6:07  Roach x3  
  71  6:17  Zergling x2  
  71  6:18  Zergling x2  
  70  6:22  Evolution Chamber  
  70  6:23  Lurker Den  
  68  6:27  Drone  
  68  6:29  Drone, Hatchery  
  68  6:30  Ravager  
  70  6:34  Hydralisk  
  70  6:35  Roach  
  70  6:37  Roach  
  70  6:39  Roach  
  78  6:41  Roach  
  80  6:49  Zerg Ground Armor Level 1  
  80  6:50  Zergling x2, Roach  
  75  7:00  Zergling x2  
  75  7:01  Drone  
  70  7:03  Hydralisk  
  70  7:04  Drone x2  
  74  7:12  Drone x2, Evolution Chamber  
  74  7:13  Extractor  
  74  7:19  Overseer  
  74  7:22  Drone  
  75  7:23  Drone  
  76  7:30  Extractor  
  76  7:32  Drone  
  76  7:33  Drone x3, Ravager  
  76  7:35  Drone  
  81  7:37  Zerg Missile Weapons Level 1  
  81  7:40  Overlord  
  81  7:44  Drone  
  82  7:45  Drone  
  82  7:50  Lurker  
  85  7:51  Drone  
  85  7:54  Drone  
  85  7:56  Drone  
  85  7:57  Lurker  
  88  8:00  Extractor  
  88  8:01  Hydralisk x2, Drone, Roach  
  88  8:05  Overlord  
  94  8:08  Roach  
  98  8:13  Roach  
  98  8:15  Hydralisk  
  98  8:18  Hydralisk  
  102  8:23  Overlord  
  102  8:25  Glial Reconstitution  
  102  8:27  Drone  
  103  8:29  Drone  
  103  8:32  Drone x3, Pneumatized Carapace  
  108  8:34  Drone  
  108  8:37  Drone  
  108  8:40  Burrow  
  109  8:41  Drone, Spine Crawler  
  109  8:44  Overlord  
  109  8:48  Drone  
  110  8:52  Drone  
  112  8:55  Drone  
  112  8:59  Drone  
  112  9:03  Drone, Overlord  
  112  9:04  Roach x2  
  112  9:06  Roach  
  112  9:09  Zergling x2  
  118  9:14  Zergling x2  
  118  9:17  Drone  
  118  9:20  Drone, Spine Crawler  
  118  9:22  Lurker  
  120  9:25  Drone  
  120  9:27  Drone  
  120  9:28  Lurker  
  120  9:30  Overlord  
  123  9:35  Hydralisk, Drone x2  
  123  9:37  Drone  
  127  9:38  Drone  
  127  9:41  Drone  
  128  9:47  Drone  
  128  9:49  Drone  
  128  9:52  Overlord  
  130  9:57  Spine Crawler  
  130  9:58  Drone  
  130  9:59  Spore Crawler  
  130  10:00  Drone  
  130  10:03  Drone, Spore Crawler  
  130  10:07  Zergling x2  
  130  10:08  Zergling x4  
  130  10:09  Hydralisk  
  130  10:10  Spine Crawler  
  130  10:11  Drone  
  130  10:13  Overlord  
  135  10:16  Overseer  
  135  10:21  Drone  
  136  10:25  Roach  
  136  10:26  Roach  
  135  10:29  Roach  
  135  10:32  Hydralisk, Queen  
  135  10:34  Overlord  
  135  10:35  Roach  
  135  10:37  Roach  
  135  10:39  Roach  
  135  10:41  Roach  
  131  10:44  Queen  
  131  10:46  Hydralisk  
  131  10:49  Hydralisk  
  129  10:51  Hydralisk  
  129  10:53  Roach  
  130  10:57  Roach, Spore Crawler  
  130  11:00  Zergling x2  
  130  11:01  Spore Crawler  
  130  11:02  Roach  
  130  11:03  Hydralisk, Drone  
  122  11:04  Hydralisk  
  122  11:07  Hydralisk x2  
  122  11:09  Spine Crawler  
  126  11:11  Drone  
  126  11:13  Overseer  
  126  11:19  Hatchery  
  128  11:33  Lurker  
  128  11:34  Spire  
Tags
 
Composition
Lurkers
Matchup
PvZ
Opening
Pool First
Replay Pack
First 100 games
Spawn Locations
Cross Positions
Add a new tag
Caveats
  • Supply blocks, unpowered buildings, or Contaminate may cause inaccurate times.
  • Supply counts are checked every 10 seconds.